 Dungeon Crawl Stone Soup version 0.29-a0-275-g389c0b56f3 (webtiles) character file.

Game seed: 12977627082855340409

102 lunkers the Digger (level 4, -1/27 HPs)
             Began as an Octopode Earth Elementalist on Mar 8, 2022.
             Slain by an ice beast (5 damage)
             ... on level 2 of the Dungeon on Mar 9, 2022.
             The game lasted 00:06:29 (2271 turns).

lunkers the Digger (Octopode Earth Elementalist)    Turns: 2271, Time: 00:06:29

Health: -1/27      AC:  1    Str:  7    XL:     4   Next: 77%
Magic:  5/8        EV: 13    Int: 19    God:
Gold:   103        SH:  0    Dex: 18    Spells: 3/9 levels left

rFire   . . .      SeeInvis .   j - +2 hand axe (drain)
rCold   . . .      Faith    .   (no shield)
rNeg    . . .      Spirit   .   (helmet restricted)
rPois   .          Reflect  .   (no amulet)
rElec   .          Harm     .   h - +6 ring of dexterity
rCorr   .          Rampage  .   (no ring)
Will    .....                   (no ring)
Stlth   +++.......              (no ring)
HPRegen 0.09/turn               (no ring)
MPRegen 0.11/turn               (no ring)
                                (no ring)
                                (no ring)

@: no status effects
A: almost no armour, amphibious, 8 rings, camouflage 1, gelatinous body 1,
(nimble swimmer 1), tentacles
a: no special abilities


You were on level 2 of the Dungeon.
You visited 1 branch of the dungeon, and saw 3 of its levels.

You collected 103 gold pieces.

Inventory:

Hand Weapons
 j - a +2 hand axe of draining (weapon)
Missiles
 a - 3 stones
Jewellery
 h - a +6 ring of dexterity (left tentacle)
Scrolls
 e - a scroll of identify {unknown}
 i - a scroll of amnesia {unknown}
 k - a scroll of fear {unknown}
Potions
 b - a potion of magic
 c - a potion of degeneration {unknown}
 d - a potion of haste {unknown}
 f - a potion of cancellation {unknown}
 g - a potion of curing {unknown}


   Skills:
 - Level 2.0 Dodging
 - Level 2.6 Stealth
 + Level 3.0 Spellcasting
 - Level 1.0 Transmutations
 * Level 4.7 Earth Magic


You had 3 spell levels left.
You knew the following spells:

 Your Spells              Type           Power      Damage    Failure   Level
a - Sandblast             Erth           40%        2d10      2%          1
b - Passwall              Tmut/Erth      10%        N/A       7%          2
c - Stone Arrow           Conj/Erth      22%        3d8       17%         3

Your spell library contained the following spells:

 Spells                   Type           Power      Damage    Failure   Level
 Petrify                  Tmut/Erth      13%        N/A       43%         4
 Animate Dead             Necr           1%         N/A       83%         4
 Haunt                    Necr/Summ      1%         N/A       100%        7
 Infestation              Necr           1%         N/A       100%        8


Dungeon Overview and Level Annotations

Branches:
Dungeon (3/15)

Altars:
Ru


Innate Abilities, Weirdness & Mutations

You cannot wear most types of armour.
You are amphibious.
You can wear up to eight rings at the same time.
Your skin changes colour to match your surroundings (Stealth+).
Your rubbery body absorbs attacks. (AC +1, EV +1)
((You are camouflaged when in or above water. (Stealth+)))
You have tentacles for arms and can constrict up to eight enemies at once.


Message History

An ice beast is nearby!
Casting: Sandblast (safe; 2% risk of failure)
Confirm with . or Enter, or press ? or * to list all spells.
Okay, then.
Casting: Sandblast (safe; 2% risk of failure)
Confirm with . or Enter, or press ? or * to list all spells.
The blast of sand hits the ice beast.
The ice beast is lightly wounded.
Casting: Sandblast (safe; 2% risk of failure)
Confirm with . or Enter, or press ? or * to list all spells.
The blast of sand hits the ice beast!
The ice beast is moderately wounded.
You hear a shout!
A hobgoblin comes into view.
Casting: Sandblast (safe; 2% risk of failure)
Confirm with . or Enter, or press ? or * to list all spells.
The blast of sand hits the ice beast but does no damage.
The ice beast is moderately wounded.
A giant cockroach comes into view.
The ice beast hits you. The ice beast freezes you!
* * * LOW HITPOINT WARNING * * *
There is a stone staircase leading up here.
The ice beast hits you.
* * * LOW HITPOINT WARNING * * *
The ice beast freezes you.
* * * LOW HITPOINT WARNING * * *
You climb upwards.
There is a stone staircase leading down here.
The ice beast attacks as you move away! The ice beast misses you.
Casting: Sandblast (safe; 2% risk of failure)
Confirm with . or Enter, or press ? or * to list all spells.
Aiming: Sandblast (safe; 2% risk of failure)
Press: ? - help, Shift-Dir - straight line, f - ice beast
Aim: an ice beast (moderately wounded, 81% to hit)
The blast of sand hits the ice beast.
The ice beast is heavily wounded.
The ice beast hits you.
* * * LOW HITPOINT WARNING * * *
The ice beast freezes you.
You die...

#######.....# #.###.# #)#
#..#.#..##)## #.# #.## #.#
##.........# #.# #..## #.#
##..##.....# #.# ##..## #.#
...###.._..# #.# ##..####.#
#### #.....# #.# ##...#..# #
#...).# #.# ###...#. #
####..#########.##########...
#...[..##..Y@......).........
##...>.....#####.#########..#.
####..#####..## #.# #.##.
..#..## ##.## #.# #.### #...##
#..## #.# #.# ###..#
##..####.# ######.### ...#.###
##...##.# #......... ##.#...#
###.##.####.........
#.###.#### #...†..##.........


You could see an ice beast.

Vanquished Creatures
  4 gnolls (D:2)
  7 bats (D:2)
  7 endoplasms
  2 giant cockroaches (D:1)
  3 goblins
  6 hobgoblins
  9 jackals
  2 quokkas (D:1)
  5 ball pythons
  4 frilled lizards
  5 kobolds
  4 rats
58 creatures vanquished.

Notes
Turn   | Place    | Note
-------+----------+-------------------------------------------
     0 | D:1      | lunkers the Octopode Earth Elementalist began the quest for
                  | the Orb.
     0 | D:1      | Reached XP level 1. HP: 11/11 MP: 3/3
   232 | D:1      | Found a faded altar of an unknown god.
   308 | D:1      | Reached XP level 2. HP: 17/17 MP: 3/5
   311 | D:1      | Learned a level 2 spell: Passwall
   974 | D:1      | Reached XP level 3. HP: 21/21 MP: 4/6
  1208 | D:2      | Found a sacrificial altar of Ru.
  1281 | D:2      | Reached skill level 4 in Earth Magic
  1673 | D:2      | Reached XP level 4. HP: 27/27 MP: 1/8
  2160 | D:2      | Upgraded the game from 0.29-a0-270-g1586fc07ea to
                  | 0.29-a0-271-gd4eb659eea
  2160 | D:2      | Upgraded the game from 0.29-a0-271-gd4eb659eea to
                  | 0.29-a0-275-g389c0b56f3
  2237 | D:2      | Learned a level 3 spell: Stone Arrow
  2253 | D:3      | Noticed an ice beast
  2271 | D:2      | Slain by an ice beast

Illustrated notes

Levels and vault maps discovered:
D:1:      psy_arrival_whirlpool, layout_loops_ring,
          chequers_ecumenical_altar_island
D:2:      layout_rooms, basic_altar, grunt_ministairs_10
D:3:      layout_rooms, mainiacjoe_overflow_paths

Skill      XL: |  1  2  3  4 |
---------------+-------------+-----
Earth Magic    | 4 |  4.7
Spellcasting   | 3 |  3.0
Dodging        | |  2.0
Stealth        | |  2.6
Transmutations | |  1.0

Action                   |  1- 3 |  4- 6 || total
-------------------------+-------+-------++-------
Melee: Unarmed           |    29 |       ||    29
       Constrict         |    12 |     6 ||    18
       Tentacles         |    10 |     4 ||    14
       Hand axe          |     4 |    21 ||    25
 Cast: Sandblast         |    37 |    10 ||    47
 Stab: Sleeping          |       |     3 ||     3
Armor: Skin              |    10 |     3 ||    13
Dodge: Dodged            |    30 |    14 ||    44

Table legend: (Time is in decaauts)
 A = Elapsed time spent in this place.
 B = Non-inter-level travel time spent in this place.
 C = Inter-level travel time spent in this place.
 D = Time resting spent in this place.
 E = Time spent auto-exploring this place.
 F = Levels seen in this place.
 G = Mean time per level.
                   A        B        C        D        E       F      G
               +--------+--------+--------+--------+--------+-----+--------+
         Total |   2277 |   2250 |     27 |      0 |   1869 |   3 |  759.0 |
       Dungeon |   2277 |   2250 |     27 |      0 |   1869 |   3 |  759.0 |
               +--------+--------+--------+--------+--------+-----+--------+

Top non-repeatable levels by time:
     D:1: 1178 daAuts
     D:2: 1090 daAuts
     D:3: 8 daAuts
